 Dungeon Crawl Stone Soup version 0.31-a0-1206-g41278d8d1d (webtiles) character file.

Game seed: 13901628389652753918

32 Curundu the Slasher (level 3, 0/49 HPs)
             Began as a Minotaur Berserker on Dec 13, 2023.
             Was a Follower of Trog.
             Succumbed to an adder's poison
             ... on level 2 of the Dungeon.
             The game lasted 00:05:31 (983 turns).

Curundu the Slasher (Minotaur Berserker)             Turns: 983, Time: 00:05:31

Health: 0/49       AC: 21    Str: 23    XL:     3   Next: 10%
Magic:  2/2        EV:  2    Int:  4    God:    Trog [*.....]
Gold:   63         SH:  0    Dex:  9    Spells: 2/2 levels left

rFire   . . .        a - +0 falchion
rCold   . . .        (no shield)
rNeg    . . .        b - melded +0 animal skin
rPois   +            (helmet currently unavailable)
rElec   .            (cloak currently unavailable)
rCorr   .            (gloves currently unavailable)
SInv    .            (boots currently unavailable)
Will    +....        (no amulet)
Stlth   +            (no ring)
HPRegen 0.28/turn    (no ring)
MPRegen 0.08/turn

%: no passive effects
@: lethally poisoned (0 -> -2), tree-form, enlightened
A: stationary, stasis, torment immunity, boosted hp, (horns 2), (retaliatory
headbutt)
a: Renounce Religion, Berserk


You were on level 2 of the Dungeon.
You worshipped Trog.
Trog was aware of your devotion.
You were a tree.
You visited 1 branch of the dungeon, and saw 2 of its levels.

You collected 63 gold pieces.

Inventory:

Hand Weapons
 a - a +0 falchion (weapon)
Armour
 b - a +0 animal skin (melded)
Scrolls
 c - a scroll of silence {unknown}
 d - a scroll of noise {unknown}
 g - a scroll of blinking {unknown}
 h - a scroll of poison {unknown}
 j - 2 scrolls of identify {unknown}
Potions
 i - a potion of mutation {unknown}


   Skills:
 + Level 4.1 Fighting
 + Level 4.4 Long Blades
 + Level 2.6 Armour
 + Level 2.4 Dodging
 + Level 0.3 Stealth


You had 2 spell levels left.
You didn't know any spells.
Your spell library contained the following spells:

 Spells                   Type           Power      Damage    Failure   Level
 Poisonous Vapours        Pois/Air       0%         N/A       65%         2
 Mephitic Cloud           Conj/Pois/Air  0%         N/A       86%         3
 Freezing Cloud           Conj/Ice/Air   0%         6-21      100%        5


Dungeon Overview and Level Annotations

Branches:
Dungeon (2/15)

Altars:


Innate Abilities, Weirdness & Mutations

You are a tree.
Your roots penetrate the ground, keeping you stationary.
You cannot be teleported.
You are immune to unholy pain and torment.
Your maximum health is greatly increased.
Your equipment is partially melded.
((You have a pair of horns on your head.))
((You reflexively headbutt those who attack you in melee.))


Message History

You are lethally poisoned!
The adder poisons you!
You hit the adder.
You kill the adder!
Trog accepts your kill.
* * * LOW HITPOINT WARNING * * *
You feel very sick.
You have reached level 3!
Your experience leads to an increase in your attributes!
Increase (S)trength, (I)ntelligence, or (D)exterity?
You feel stronger. x2
There is a lethal amount of poison in your body!
No quiver actions available for cycling.
Use [Q] to select from all actions.
No quiver actions available for cycling.
Use [Q] to select from all actions.
No quiver actions available for cycling.
Use [Q] to select from all actions.
You swing at nothing.
* * * LOW HITPOINT WARNING * * *
You feel sick.
* * * LOW HITPOINT WARNING * * *
You feel sick.
* * * LOW HITPOINT WARNING * * *
You feel sick.
* * * LOW HITPOINT WARNING * * *
You feel sick.
You see here a scroll labelled PULUT BEDUUTAU.
It was a potion of lignification.
You turn into a tree.
Your +0 animal skin melds into your body.
Your roots penetrate the ground.
* * * LOW HITPOINT WARNING * * *
You feel sick.
There is a lethal amount of poison in your body!
There is a lethal amount of poison in your body!
There is a lethal amount of poison in your body!
There is a lethal amount of poison in your body!
There is a lethal amount of poison in your body!
There is a lethal amount of poison in your body!
There is a lethal amount of poison in your body!
There is a lethal amount of poison in your body!
It was a potion of enlightenment.
Your roots keep you in place.
You die...

########### #.#
#......!..###.##
##.........##...##
...........#.....# #
.......)...##...#...#
..................#...
...........###.##...##
.........†.# #.# ####
........♣..# #+#
#..........#
#.#.######## # #


There were no monsters in sight!

Vanquished Creatures
  An adder (D:2)
  A dart slug (D:1)
  2 ball pythons (D:1)
  An endoplasm (D:1)
  A giant cockroach (D:2)
  5 hobgoblins
  A quokka (D:1)
  A bat (D:2)
  3 frilled lizards
  2 goblins
  2 kobolds (D:1)
  2 rats (D:1)
22 creatures vanquished.

Notes
Turn   | Place    | Note
-------+----------+-------------------------------------------
     0 | D:1      | Curundu the Minotaur Berserker began the quest for the Orb.
     0 | D:1      | Reached XP level 1. HP: 19/19 MP: 0/0
     6 | D:1      | Noticed a black mamba
     6 | D:1      | Noticed a wolf
     6 | D:1      | Noticed a swamp worm
     7 | D:1      | Noticed a black bear
     7 | D:1      | Noticed a rime drake
   291 | D:1      | Reached XP level 2. HP: 27/27 MP: 1/1
   978 | D:2      | Reached XP level 3. HP: 6/33 MP: 2/2
   981 | D:2      | HP: 1/33 [poisoned by an adder]
   983 | D:2      | Succumbed to an adder's poison

Illustrated notes

Levels and vault maps discovered:
D:1:      onia_arrival_zoo_common, layout_basic
D:2:      layout_loops_corners

Skill      XL: |  1  2 |
---------------+-------+-----
Long Blades    | 4 |  4.4
Fighting       | 4 |  4.1
Armour         | |  2.6
Dodging        | |  2.4
Stealth        | |  0.3

Action                     || total
---------------------------++-------
  Melee: Falchion          ||    62
         Headbutt          ||     6
    Use: Potion            ||     2
   Stab: Sleeping          ||     1
 Armour: Animal skin       ||    30
  Dodge: Dodged            ||    33

Table legend: (Time is in decaauts)
 A = Elapsed time spent in this place.
 B = Non-inter-level travel time spent in this place.
 C = Inter-level travel time spent in this place.
 D = Time resting spent in this place.
 E = Time spent auto-exploring this place.
 F = Levels seen in this place.
 G = Mean time per level.
                   A        B        C        D        E       F      G
               +--------+--------+--------+--------+--------+-----+--------+
         Total |    989 |    989 |      0 |      0 |    707 |   2 |  494.5 |
       Dungeon |    989 |    989 |      0 |      0 |    707 |   2 |  494.5 |
               +--------+--------+--------+--------+--------+-----+--------+

Top non-repeatable levels by time:
     D:1: 810 daAuts
     D:2: 179 daAuts
